 Dungeon Crawl Stone Soup version 0.27-a0-1006-g1fd4cec11e (webtiles) character file.

Game seed: 841216899487669675

2346 siradein the Carver (level 9, -6/61 HPs)
             Began as a Demonspawn Brigand on Apr 17, 2021.
             Was a Follower of Yredelemnul.
             Splashed by an acid dragon's acid (13 damage)
             ... on level 7 of the Dungeon.
             The game lasted 00:23:30 (11083 turns).

siradein the Carver (Demonspawn Brigand)           Turns: 11083, Time: 00:23:32

Health: -6/61      AC:  6    Str: 15    XL:     9   Next: 20%
Magic:  14/14      EV: 11    Int: 12    God:    Yredelemnul [*.....]
Gold:   218        SH:  0    Dex: 15    Spells: 8/8 levels left

rFire    + + .     SeeInvis .   L - +4 scimitar
rCold    + . .     Faith    .   (no shield)
rNeg     . . .     Spirit   .   H - +2 leather armour "Loohoxkygha" {Rampage Drain rF+ rC+}
rPois    +         Reflect  .   r - +0 helmet
rElec    .         Harm     .   c - +0 cloak
rCorr    .         Rampage  +   k - +0 pair of gloves
Will     .....                  (no boots)
Stlth    ++........             m - amulet of magic regeneration
HPRegen  0.20/turn              v - ring of protection from fire
MPRegen  0.39/turn              F - ring of poison resistance

@: corroded
A: talons 2, slimy green scales 1, foul stench 1, demonic magic 2
a: Renounce Religion, Animate Remains


You were on level 7 of the Dungeon.
You worshipped Yredelemnul.
Yredelemnul was aware of your devotion.
You visited 2 branches of the dungeon, and saw 8 of its levels.

You collected 218 gold pieces.

Inventory:

Hand Weapons
 L - a +4 scimitar (weapon)
Missiles
 d - 41 poisoned darts
 e - 2 curare-tipped darts
Armour
 c - a +0 cloak (worn)
 k - a +0 pair of gloves (worn)
 r - a +0 helmet (worn)
 H - the +2 leather armour "Loohoxkygha" (worn) {Rampage Drain rF+ rC+}
   (You found it on level 5 of the Dungeon)

   It protects you from fire.
   It protects you from cold.
   It drains your maximum health when unequipped.
   It bestows one free step when moving towards enemies.
Jewellery
 m - an amulet of magic regeneration (around neck)
 p - a ring of fire
 v - a ring of protection from fire (left hand)
 x - a ring of willpower
 F - a ring of poison resistance (right hand)
 G - an amulet of guardian spirit
Wands
 B - a wand of acid (8)
 K - a wand of digging (7)
Scrolls
 h - 3 scrolls of identify {unknown}
 i - a scroll of fog {unknown}
 l - a scroll of enchant weapon {unknown}
 n - 6 scrolls of teleportation {unknown}
 s - 2 scrolls of acquirement {unknown}
 t - a scroll of fear {unknown}
 u - 2 scrolls of immolation {unknown}
 y - a scroll of amnesia {unknown}
 C - a scroll of brand weapon {unknown}
 D - a scroll of vulnerability {unknown}
 E - a scroll of enchant armour {unknown}
Potions
 a - 2 potions of invisibility {unknown}
 b - a potion of cancellation {unknown}
 f - a potion of magic {unknown}
 g - 2 potions of haste {unknown}
 j - 2 potions of flight {unknown}
 q - a potion of might {unknown}
 w - a potion of mutation {unknown}
 z - 2 potions of attraction {unknown}
 I - a potion of curing {unknown}
 J - a potion of brilliance {unknown}


   Skills:
 - Level 2.0 Fighting
 - Level 1.7(6.5) Short Blades
 + Level 10.0(10.1) Long Blades
 - Level 1.7 Throwing
 - Level 0.8 Dodging
 - Level 3.6 Stealth
 + Level 7.2 Invocations


You had 8 spell levels left.
You didn't know any spells.
Your spell library was empty.

Dungeon Overview and Level Annotations

Branches:
Dungeon (7/15)             Temple (1/1) D:4

Altars:
Ashenzari
Cheibriados
Dithmenos
Fedhas
Gozag
Hepliaklqana
Makhleb
Okawaru
Qazlal
Ru
Trog
Vehumet
Wu Jian
Xom
Yredelemnul
Zin
The Shining One


Innate Abilities, Weirdness & Mutations

You have razor-sharp toenails.
You are partially covered in slimy green scales. (AC +2)
You may rarely emit foul miasma when damaged in melee.
Spells you cast may paralyse nearby enemies.


Message History

You swap places.
Key pressed, stopping explore.
Done exploring.
Done exploring.
You pace your travel speed to your slowest ally.
Done exploring.
Done exploring.
(D) Dungeon (T) Temple
Where to? (Enter - D:6, ? - help)
What level of the Dungeon? (default 1, ? - help)
There is a stone staircase leading down here.
You climb downwards.
Your mindless thrall stays behind.
An acid dragon comes into view.
There is a stone staircase leading up here.
The acid dragon spits acid at you. The splash of acid hits you!
You are splashed with acid!
You hear a shout! x3
You closely miss the acid dragon. Your kick misses the acid dragon.
You slash the acid dragon! Your kick misses the acid dragon.
The acid dragon is moderately wounded.
The acid dragon spits acid at you. The splash of acid hits you.
The acid corrodes you!
You are splashed with acid!!
You barely miss the acid dragon.
You claw the acid dragon, but do no damage.
The acid dragon is moderately wounded.
The acid dragon bites you. The acid dragon claws you.
You hit the acid dragon but do no damage.
The acid dragon is moderately wounded.
The acid dragon bites you.
* * * LOW HITPOINT WARNING * * *
The acid dragon claws you but does no damage.
You hit the acid dragon. Your kick misses the acid dragon.
The acid dragon is moderately wounded.
The acid dragon spits acid at you. The splash of acid hits you!
* * * LOW HITPOINT WARNING * * *
You are splashed with acid!
You die...
Your body rises from the dead as a mindless zombie.

.. .. #. .#
. #. .##.#
#.##..#.###
#.........
.......
##.#.###...
#<.@D......
##.##.####.
#.# # #.#
#.# #.# #.#
#.# #.#


You could see an acid dragon (catching breath).

Vanquished Creatures
  Eustachio (D:3)
  A sky beast (D:5)
  3 necrophages
  2 ogres (D:4)
  A kobold brigand (D:6)
  A bullfrog (D:6)
  4 scorpions (D:4)
  A gnoll sergeant (D:5)
  5 wights
  A centaur zombie (D:6)
  3 orc priests
  A centaur skeleton (D:6)
  6 hounds
  A gnoll shaman (D:6)
  Jessica (D:3)
  Terence (D:3)
  3 iguanas
  3 orc wizards
  A killer bee zombie (D:6)
  A hound skeleton (D:4)
  A howler monkey zombie (D:6)
  A howler monkey skeleton (D:6)
  22 gnolls
  4 adders
  A shadow imp (D:6)
  A white imp (D:6)
  2 ufetubi
  5 worms
  A dart slug (D:2)
  22 orcs
  4 bats
  7 endoplasms
  5 giant cockroaches
  7 hobgoblins
  11 jackals
  5 quokkas
  11 ball pythons
  2 frilled lizards
  13 goblins
  11 kobolds
  6 rats
183 creatures vanquished.

Vanquished Creatures (others)
  2 orc zombies (D:6)
2 creatures vanquished.

Grand Total: 185 creatures vanquished

Notes
Turn   | Place    | Note
-------+----------+-------------------------------------------
     0 | D:1      | siradein the Demonspawn Brigand began the quest for the
                  | Orb.
     0 | D:1      | Reached XP level 1. HP: 16/16 MP: 1/1
   133 | D:1      | Reached skill level 1 in Long Blades
   258 | D:1      | Gained mutation: Spells you cast may paralyse adjacent
                  | enemies. [demonic ancestry]
   258 | D:1      | Reached XP level 2. HP: 22/22 MP: 2/2
   564 | D:1      | Reached skill level 2 in Long Blades
  1314 | D:2      | Gained mutation: Spells you cast may paralyse nearby
                  | enemies. [demonic ancestry]
  1314 | D:2      | Reached XP level 3. HP: 26/27 MP: 3/3
  1775 | D:2      | Reached skill level 3 in Long Blades
  2170 | D:2      | Reached XP level 4. HP: 11/33 MP: 4/4
  3026 | D:2      | Reached skill level 4 in Long Blades
  3936 | D:2      | Gained mutation: You have sharp toenails. [demonic
                  | ancestry]
  3936 | D:2      | Reached XP level 5. HP: 6/38 MP: 5/5
  4289 | D:3      | Found a faded altar of an unknown god.
  4592 | D:3      | Reached skill level 5 in Long Blades
  5026 | D:3      | Noticed Terence
  5038 | D:3      | Killed Terence
  5239 | D:3      | Reached XP level 6. HP: 37/44 MP: 6/6
  5291 | D:3      | Noticed Jessica
  5312 | D:3      | Killed Jessica
  5408 | D:4      | Noticed Eustachio
  5585 | D:3      | Killed Eustachio
  5586 | D:3      | Reached skill level 6 in Long Blades
  6021 | D:4      | Gained mutation: You have razor-sharp toenails. [demonic
                  | ancestry]
  6021 | D:4      | Reached XP level 7. HP: 35/50 MP: 7/7
  6184 | D:4      | Reached skill level 7 in Long Blades
  6484 | D:4      | Found a burning altar of Makhleb.
  6770 | D:4      | Reached skill level 8 in Long Blades
  7184 | D:4      | Gained mutation: You may rarely emit foul miasma when
                  | damaged in melee. [demonic ancestry]
  7184 | D:4      | Reached XP level 8. HP: 56/56 MP: 8/8
  7680 | D:4      | Found a staircase to the Ecumenical Temple.
  7748 | Temple   | Entered the Ecumenical Temple
  7940 | Temple   | Became a worshipper of Yredelemnul the Dark
  8187 | D:5      | Entered Level 5 of the Dungeon
  8196 | D:5      | Reached skill level 1 in Invocations
  8558 | D:4      | Reached skill level 9 in Long Blades
  9141 | D:5      | Identified the +2 leather armour "Loohoxkygha" {Rampage
                  | Drain rF+ rC+}
  9298 | D:6      | Reached * piety under Yredelemnul
  9307 | D:6      | Reached skill level 5 in Invocations
 10083 | D:6      | Gained mutation: You are partially covered in slimy green
                  | scales. (AC +2) [demonic ancestry]
 10083 | D:6      | Reached XP level 9. HP: 38/59 MP: 13/13
 10706 | D:6      | Reached skill level 10 in Long Blades
 11083 | D:7      | Splashed by an acid dragon's acid

Illustrated notes

Levels and vault maps discovered:
D:1:      doesnt_arrival_eight_statues, layout_basic, minivault_5
D:2:      layout_loops_cross
D:3:      layout_basic, shapermc_ecumenical_altar_mp_highgroup, uniq_terence,
          uniq_jessica
D:4:      minmay_door_path, layout_basic, general_overflow_altar,
          minmay_temple_entry_overgrown, wad_orctagon, uniq_eustachio
D:5:      layout_cave_pools, kennysheep_generic_room_15
D:6:      layout_basic, corexii_corridor_pit
D:7:      layout_basic, nemelex_xobeh_ov_fountains_minmay,
          amcnicky_mini_rare_corridor_liquid, kennysheep_generic_room_6
Temple:   eino_temple_rhombus

Skill      XL: |  1  2  3  4  5  6  7  8  9 |
---------------+----------------------------+-----
Long Blades    | 1 2 3 4 5 6 8 9 10 | 10.0
Invocations    | 6 7 |  7.2
Fighting       | |  2.0
Short Blades   | |  1.7
Throwing       | |  1.7
Dodging        | |  0.8
Stealth        | |  3.6

Action                   |  1- 3 |  4- 6 |  7- 9 || total
-------------------------+-------+-------+-------++-------
Melee: Dagger            |   143 |   288 |    78 ||   509
       Kick              |       |    38 |   117 ||   155
       Rapier            |       |       |   301 ||   301
       Scimitar          |       |       |    30 ||    30
Invok: Animate Remains   |       |       |     3 ||     3
 Stab: Sleeping          |     4 |       |     9 ||    13
       Distracted        |       |       |     1 ||     1
Armor: Robe              |    26 |       |       ||    26
       Plate armour      |    63 |   108 |       ||   171
       Leather armour    |       |    34 |    96 ||   130
       Skin              |       |     1 |       ||     1
Dodge: Dodged            |    50 |    54 |   134 ||   238
       Rpst.: Scimitar   |       |       |     2 ||     2

Table legend: (Time is in decaauts)
 A = Elapsed time spent in this place.
 B = Non-inter-level travel time spent in this place.
 C = Inter-level travel time spent in this place.
 D = Time resting spent in this place.
 E = Time spent auto-exploring this place.
 F = Levels seen in this place.
 G = Mean time per level.
                   A        B        C        D        E       F      G
               +--------+--------+--------+--------+--------+-----+--------+
         Total |  10890 |  10579 |    311 |   1601 |   6597 |   8 | 1361.2 |
       Dungeon |  10682 |  10420 |    262 |   1601 |   6438 |   7 | 1526.0 |
        Temple |    208 |    160 |     48 |      0 |    159 |   1 |  208.0 |
               +--------+--------+--------+--------+--------+-----+--------+

Top non-repeatable levels by time:
     D:2: 2366 daAuts
     D:4: 2338 daAuts
     D:1: 1787 daAuts
     D:3: 1633 daAuts
     D:6: 1505 daAuts
     D:5: 1044 daAuts
  Temple: 208 daAuts
     D:7: 6 daAuts
